AoeStats
← szymonwieczorek21

Arabia

503564662Analyzed
1v1 RM · 1mo ago on Sep 1, 2026· 18m 0s· 2 players
Game mode
Random Map
Map size
Tiny (2 player)
Population
200
Speed
Normal
Resources
Standard
Victory
Conquest
Starting age
Dark Age
Ending age
Imperial Age
RankedLock teamsTeams togetherTeam positionsShared explorationLock speedFull tech treeHidden civsTurbo modeCheats
Victory
Defeat
🇲🇽 Mongols · Mexico
859
+17
🇵🇱 Turks · Poland
873
-17
linck92
0:27 Loom
10:56 Feudal Age
11:28 Double-Bit Axe
16:17 Horse Collar
18:52 Wheelbarrow
szymonwieczorek21
2:10 Loom
11:12 Feudal Age
12:21 Double-Bit Axe
12:25 Horse Collar
15:07 Fletching
15:17 Padded Archer Armor
Connection lost

Rejoining the realm…

Still unreachable

The connection could not be restored.

Session expired

The server has moved on; the page needs a fresh start.